 Dungeon Crawl Stone Soup version 0.23.2-1-ga50397a6bc (webtiles) character file.

Game seed: 4860640145092827117

105 Foic the Sneak (level 4, -6/33 HPs)
             Began as a Demigod Enchanter on May 23, 2019.
             Killed by divine providence
             ... invoked by an orc priest
              (11 damage)
             ... on level 3 of the Dungeon.
             The game lasted 00:08:10 (2576 turns).

Foic the Sneak (Demigod Enchanter)                  Turns: 2576, Time: 00:08:11

Health: -6/33      AC:  4    Str: 11    XL:     4   Next: 29%
Magic:  4/10       EV: 12    Int: 21    God:
Gold:   56         SH:  0    Dex: 16    Spells: 3/7 levels left

rFire    . . .     SeeInvis .   a - +2 dagger
rCold    . . .     Gourm    .   (no shield)
rNeg     . . .     Faith    .   c - +0 leather armour
rPois    .         Spirit   .   l - +0 helmet
rElec    .         Reflect  .   (no cloak)
rCorr    .         Harm     .   (no gloves)
MR       .....                  (no boots)
Stlth    ++........             (no amulet)
HPRegen  0.11/turn              (no ring)
MPRegen  0.12/turn              (no ring)

@: no status effects
A: high mp 1
a: no special abilities


You were on level 3 of the Dungeon.
You were not hungry.

You visited 1 branch of the dungeon, and saw 3 of its levels.

You collected 56 gold pieces.

Inventory:

Hand Weapons
 a - a +2 dagger (weapon)
 p - a +0 hunting sling
Missiles
 m - 37 stones (quivered)
Armour
 b - a +0 robe
 c - a +0 leather armour (worn)
 h - a +0 scale mail
 l - a +0 helmet (worn)
Jewellery
 o - an uncursed ring of fire
Scrolls
 e - a scroll of remove curse
 g - a scroll of teleportation
Potions
 i - a potion of cancellation {unknown}
 j - a potion of lignification {unknown}
 k - a potion of brilliance {unknown}
 n - a potion of resistance {unknown}
 q - 2 potions of degeneration {unknown}
Comestibles
 d - 5 rations
 f - 5 chunks of flesh


   Skills:
 + Level 0.2 Fighting
 + Level 1.6 Short Blades
 + Level 0.4 Armour
 * Level 2.4 Dodging
 * Level 3.5 Stealth
 * Level 2.4 Spellcasting
 + Level 3.0 Hexes


You had 3 spell levels left.
You knew the following spells:

 Your Spells              Type           Power        Failure   Level  Hunger
a - Corona                Hex            ###....      5%          1    None
b - Confuse               Hex            ###.....     16%         3    ###....

Your spell library contained the following spells:

 Spells                   Type           Power        Failure   Level  Hunger
 Ensorcelled Hibernation  Hex/Ice        #.....       16%         2    ##.....
 Tukima's Dance           Hex            ###.....     16%         3    ###....
 Dazzling Spray           Conj/Hex       #.....       30%         3    ###....


Dungeon Overview and Level Annotations

Branches:
Dungeon (3/15)


Innate Abilities, Weirdness & Mutations

You have an increased reservoir of magic. (+10% MP)


Message History

The adder misses something.
You strike the helpless adder from behind!
You impale the adder!!
You kill the adder!
The orc priest mumbles some strange prayers to Beogh against you.
Beogh smites you!
* * * LOW HITPOINT WARNING * * *
Casting: Confuse (safe; 16% risk of failure)
Confirm with . or Enter, or press ? or * to list all spells.
You don't know that spell.
Casting: Confuse (safe; 16% risk of failure)
Confirm with . or Enter, or press ? or * to list all spells.
Aiming: Confuse (safe; 16% risk of failure)
Press: ? - help, Shift-Dir - straight line, f - orc priest
Aim: an orc priest, wielding a +0 hand axe (chance to defeat MR: 46%) Nothing appears to happen.
Something hits you but does no damage.
The orc priest mumbles some strange prayers to Beogh against you.
Beogh smites you!
You die...

........#
........#
........#
........#
.......o####
.........o.
.......ro#####
.......ooo)@.#
........####.##
..####### #..#
##.## #..##
##..######
##..#...#
##.....#
###...##


You could see an orc priest, an orc wizard, 2 orcs and a rat.

Vanquished Creatures
  4 adders
  An ooze (D:1)
  2 worms
  3 dart slugs
  2 leopard geckos
  2 orcs (D:3)
  A ball python (D:2)
  5 bats
  3 giant cockroaches
  7 goblins
  4 hobgoblins
  6 jackals
  3 kobolds (D:1)
  A quokka (D:2)
  A frilled lizard (D:2)
  5 rats
50 creatures vanquished.

Vanquished Creatures (others)
  An orc (D:3)
1 creature vanquished.

Grand Total: 51 creatures vanquished

Notes
Turn   | Place    | Note
-------+----------+-------------------------------------------
     0 | D:1      | Foic the Demigod Enchanter began the quest for the Orb.
     0 | D:1      | Reached XP level 1. HP: 14/14 MP: 5/5
   276 | D:1      | Reached XP level 2. HP: 8/20 MP: 5/7
   477 | D:1      | Reached skill level 1 in Short Blades
  1258 | D:2      | Reached XP level 3. HP: 21/26 MP: 6/8
  1482 | D:2      | Learned a level 3 spell: Confuse
  1592 | D:2      | Found a glowing golden altar of the Shining One.
  2176 | D:2      | Found a bloodstained altar of Trog.
  2232 | D:2      | Reached XP level 4. HP: 32/33 MP: 7/10
  2576 | D:3      | Killed from afar by an orc priest

Skill      XL: |  1  2  3 |
---------------+----------+-----
Dodging        | 2 |  2.4
Stealth        | 3 |  3.5
Short Blades   | 1 |  1.6
Spellcasting   | 2 |  2.4
Hexes          | 3 |  3.0
Fighting       | |  0.2
Armour         | |  0.4

Action                   |  1- 3 |  4- 6 || total
-------------------------+-------+-------++-------
Melee: Dagger            |   135 |    24 ||   159
 Cast: Corona            |    29 |     2 ||    31
       Confuse           |     7 |     3 ||    10
  Use: Scroll            |     4 |       ||     4
       Potion            |     1 |       ||     1
 Stab: Sleeping          |     3 |     4 ||     7
       Confused          |     2 |     1 ||     3
  Eat: Chunk             |     5 |     2 ||     7
Armor: Leather armour    |    35 |    10 ||    45
       Robe              |     3 |       ||     3
Dodge: Dodged            |   104 |    18 ||   122
